 Dungeon Crawl Stone Soup version 0.28-a0-691-gad6df49e81 (webtiles) character file.

Game seed: 4475969861396002529

1763 ytrimaz the Cleaver (level 9, 0/72 HPs)
             Began as a Formicid Fighter on Oct 22, 2021.
             Was a Follower of Ashenzari.
             Slain by a troll (9 damage)
             ... on level 6 of the Dungeon.
             The game lasted 00:08:15 (6292 turns).

ytrimaz the Cleaver (Formicid Fighter)              Turns: 6292, Time: 00:08:16

Health: 0/72       AC: 13    Str: 25    XL:     9   Next: 27%
Magic:  9/9        EV:  7    Int:  7    God:    Ashenzari [*.....]
Gold:   302        SH: 10    Dex: 10    Spells: 8/8 levels left

rFire   . . .      SeeInvis +   h - +2 hand axe (flame)
rCold   . . .      Faith    .   c - +1 buckler "Lashed Augurer" {Evo, Cun} (curse)
rNeg    . . .      Spirit   .   j - +0 plate armour
rPois   .          Reflect  +   (helmet unavailable)
rElec   .          Harm     .   (no cloak)
rCorr   .          Rampage  .   (no gloves)
Will    .....                   (no boots)
Stlth   ..........              i - amulet "Augurer of the Sky" {Reflect SH+5, Self, Evo} (curse)
HPRegen 0.22/turn               (no ring)
MPRegen 0.11/turn               (no ring)

@: mighty
A: permanent stasis, dig shafts and tunnels, antennae 3, four strong arms
a: Dig, Shaft Self, Renounce Religion, Curse Item, Shatter the Chains


You were on level 6 of the Dungeon.
You worshipped Ashenzari.
Ashenzari was aware of your devotion.
You visited 1 branch of the dungeon, and saw 6 of its levels.

You collected 302 gold pieces.

Inventory:

Hand Weapons
 a - a +0 war axe
 h - a +2 hand axe of flaming (weapon)
Armour
 c - the cursed +1 buckler "Lashed Augurer" (worn) {Evo, Cun}

   It has a curse which improves the following skills: Evocations: Evocations.
   Cunning:   Dodging and Stealth.
 f - a +0 kite shield
 j - a +0 plate armour (worn)
Jewellery
 i - the cursed amulet "Augurer of the Sky" (around neck) {Reflect SH+5, Self, Evo}
   (You found it on level 5 of the Dungeon)

   [amulet of reflection]

   It reflects blocked missile attacks.
   SH:        It affects your SH (+5).
   It has a curse which improves the following skills: Introspection: Fighting
   and Spellcasting.
   Evocations: Evocations.
Wands
 d - a wand of charming (3)
 g - a wand of polymorph (5)
Scrolls
 b - a scroll of enchant armour
Potions
 e - 3 potions of attraction


   Skills:
 + Level 6.5(7.6) Fighting
 + Level 8.0 Axes
 + Level 7.8 Armour
 - Level 3.6 Shields


You had 8 spell levels left.
You didn't know any spells.
Your spell library contained the following spells:

 Spells                   Type           Power      Damage    Failure   Level
 Beastly Appendage        Tmut           0%         N/A       99%         1
 Slow                     Hex            0%         N/A       100%        2
 Wereblood                Tmut           0%         N/A       100%        2
 Confusing Touch          Hex            0%         N/A       100%        3
 Inner Flame              Hex/Fire       0%         N/A       100%        3
 Spider Form              Tmut/Pois      0%         N/A       100%        3
 Vampiric Draining        Necr           0%         2d6       100%        3
 Cause Fear               Hex            0%         N/A       100%        4
 Discord                  Hex            0%         N/A       100%        8


Dungeon Overview and Level Annotations

Branches:
Dungeon (6/15)
 Temple: D:4-7

Altars:
Ashenzari
Elyvilon
Qazlal
Yredelemnul

Shops:
D:1 !   D:4 [   D:5 (


Innate Abilities, Weirdness & Mutations

You cannot be hasted, slowed, berserked, paralysed or teleported.
You can dig through walls and to a lower floor.
You have a pair of large antennae on your head. (SInv)
Your four strong arms can wield two-handed weapons with a shield.


Message History

You block the troll's attack.
The troll claws you but does no damage. x2
You hit the troll. You burn the troll.
The troll is lightly wounded.
You block the troll's attack. The troll claws you. The troll claws you!
You barely miss the troll.
The troll is lightly wounded.
The troll barely misses you. You block the troll's attack.
The troll claws you but does no damage.
Your plate armour prevents you from hitting the troll.
The troll is lightly wounded.
You block the troll's attack. The troll closely misses you.
The troll claws you!
You hit the troll. You burn the troll.
The troll is lightly wounded.
You block the troll's attack. The troll claws you.
You block the troll's attack.
You closely miss the troll.
The troll is lightly wounded.
Your plate armour prevents you from hitting the troll.
The troll is lightly wounded.
The troll closely misses you. The troll claws you but does no damage.
You block the troll's attack.
Press: ? - help, v - describe, . - travel
Here: a troll The floor.
You feel very mighty all of a sudden.
You block the troll's attack. x2; The troll barely misses you.
You slash the troll! You burn the troll.
The troll is heavily wounded.
You block the troll's attack. The troll closely misses you.
The troll claws you but does no damage.
You closely miss the troll.
The troll is moderately wounded.
The troll bites you! The troll claws you! The troll closely misses you.
You closely miss the troll.
The troll is moderately wounded.
The troll bites you!
* * * LOW HITPOINT WARNING * * *
The troll claws you!
You die...

#.#
##..#.#
#.#
##...#
#.#
##...
#.#
##..
#.# ##.
#.# #.
#.# #.
#.# #.
#@# #.
#T# #.
#..#
#####.
##.#
#.....
..
..####
...
....
.....
......


You could see a troll.

Vanquished Creatures
  2 water moccasins
  An ice beast (D:6)
  An orc warrior (D:6)
  A black bear (D:5)
  2 ogres
  4 scorpions
  A killer bee (D:6)
  A bullfrog zombie (D:5)
  4 hounds
  A centaur zombie (D:5)
  3 orc priests
  A gnoll shaman (D:5)
  A jelly (D:5)
  4 orc wizards
  A killer bee zombie (D:6)
  18 gnolls
  9 adders
  2 ufetubi
  2 adder skeletons
  An adder zombie (D:5)
  A worm (D:4)
  3 dart slugs
  8 orcs
  4 bats
  13 endoplasms
  4 giant cockroaches
  8 goblins
  6 hobgoblins
  3 jackals (D:4)
  6 quokkas
  5 ball pythons
  2 frilled lizards
  8 kobolds
  6 rats
137 creatures vanquished.

Vanquished Creatures (others)
  3 fungi (D:3)
3 creatures vanquished.

Grand Total: 140 creatures vanquished

Notes
Turn   | Place    | Note
-------+----------+-------------------------------------------
     0 | D:1      | ytrimaz the Formicid Fighter began the quest for the Orb.
     0 | D:1      | Reached XP level 1. HP: 18/18 MP: 1/1
   124 | D:1      | Found Zuty's Distillery.
   202 | D:1      | Found a faded altar of an unknown god.
   274 | D:1      | Reached XP level 2. HP: 4/24 MP: 2/2
   707 | D:1      | Reached XP level 3. HP: 29/30 MP: 3/3
  1147 | D:2      | Reached XP level 4. HP: 37/37 MP: 4/4
  1458 | D:2      | Reached skill level 3 in Axes
  1473 | D:2      | Reached XP level 5. HP: 19/42 MP: 5/5
  1731 | D:3      | Found a broken altar of Ashenzari.
  1740 | D:3      | Became a worshipper of Ashenzari the Shackled
  1944 | D:3      | Reached skill level 4 in Axes
  1947 | D:3      | Found a stormy altar of Qazlal.
  1951 | D:3      | Reached XP level 6. HP: 18/49 MP: 6/6
  2879 | D:4      | Noticed an ogre
  2885 | D:4      | Killed an ogre
  2886 | D:4      | Reached skill level 5 in Armour
  3031 | D:4      | Reached XP level 7. HP: 55/55 MP: 7/7
  3085 | D:4      | Reached skill level 5 in Axes
  3181 | D:4      | Found Eguy's Antique Armour Boutique.
  3604 | D:4      | Noticed a water moccasin
  3614 | D:4      | Killed a water moccasin
  3615 | D:4      | Reached skill level 5 in Fighting
  4045 | D:5      | Entered Level 5 of the Dungeon
  4060 | D:5      | Reached skill level 6 in Axes
  4063 | D:5      | Reached XP level 8. HP: 31/62 MP: 8/8
  4293 | D:5      | Found a white marble altar of Elyvilon.
  4401 | D:5      | Identified the cursed +1 buckler "Lashed Augurer" {Evo,
                  | Cun}
  4924 | D:5      | Reached skill level 7 in Axes
  4935 | D:5      | Reached * piety under Ashenzari
  5010 | D:5      | Found Masawny's Weapon Emporium.
  5191 | D:5      | Found a basalt altar of Yredelemnul.
  5509 | D:6      | Reached XP level 9. HP: 72/72 MP: 9/9
  5557 | D:6      | Noticed Maggie
  5574 | D:6      | Noticed Maggie
  5574 | D:6      | Maggie changed into Maggie the killer bee
  5601 | D:6      | Killed Maggie the killer bee
  6071 | D:6      | Reached skill level 8 in Axes
  6273 | D:6      | Noticed a troll
  6292 | D:6      | Slain by a troll

Illustrated notes

Levels and vault maps discovered:
D:1:      minmay_arrival_nine_rooms, layout_basic, serial_shops, shop,
          hellmonk_ecumenical_altar_lost_god, minmay_bisected
D:2:      layout_rooms, minmay_misc_feat_cross
D:3:      layout_loops_ring, nicolae_qazlal_scattered_showers,
          mainiacjoe_overflow_alcove_4
D:4:      layout_loops_ring, serial_shops, nicolae_shop_stone
D:5:      layout_cave_pods, kennysheep_ying_yang, serial_shops, shop
D:6:      layout_rooms, uniq_maggie

Skill      XL: |  1  2  3  4  5  6  7  8  9 |
---------------+----------------------------+-----
Armour         | 4 5 6 7 |  7.8
Fighting       | 4 5 6 |  6.5
Axes           | 3 4 6 7 8 |  8.0
Shields        | |  3.6

Action                   |  1- 3 |  4- 6 |  7- 9 || total
-------------------------+-------+-------+-------++-------
Melee: Hand axe          |    59 |    87 |   241 ||   387
       War axe           |     5 |       |       ||     5
       Unarmed           |       |       |    14 ||    14
Invok: Curse Item        |       |       |     2 ||     2
Evoke: Wand              |       |       |     2 ||     2
  Use: Scroll            |     1 |     2 |     1 ||     4
       Potion            |       |     4 |     3 ||     7
Armor: Scale mail        |    21 |       |       ||    21
       Plate armour      |       |    63 |   118 ||   181
       Skin              |       |       |     2 ||     2
Dodge: Dodged            |    22 |    22 |    76 ||   120
Block: Buckler           |    11 |    30 |   101 ||   142

Table legend: (Time is in decaauts)
 A = Elapsed time spent in this place.
 B = Non-inter-level travel time spent in this place.
 C = Inter-level travel time spent in this place.
 D = Time resting spent in this place.
 E = Time spent auto-exploring this place.
 F = Levels seen in this place.
 G = Mean time per level.
                   A        B        C        D        E       F      G
               +--------+--------+--------+--------+--------+-----+--------+
         Total |   6303 |   6130 |    173 |   1273 |   3867 |   6 | 1050.5 |
       Dungeon |   6303 |   6130 |    173 |   1273 |   3867 |   6 | 1050.5 |
               +--------+--------+--------+--------+--------+-----+--------+

Top non-repeatable levels by time:
     D:5: 1301 daAuts
     D:4: 1169 daAuts
     D:3: 1152 daAuts
     D:1: 1090 daAuts
     D:6: 933 daAuts
     D:2: 656 daAuts
